AoeStats
← MrFUNAN

Arena

509606105Analyzed
4v4 RM · 5d ago on Sep 27, 2026· 37m 3s· 8 players
Game mode
Random Map
Map size
Large (8 player)
Population
200
Speed
Normal
Resources
Standard
Victory
Conquest
Starting age
Dark Age
Ending age
Imperial Age
RankedLock teamsTeams togetherTeam positionsShared explorationLock speedFull tech treeHidden civsTurbo modeCheats
Victory
Defeat
🇨🇳 Saxons · China
1449
+14
🇨🇳 Malay · China
1441
+14
🇹🇼 Turks · Taiwan
1439
+14
🇮🇳 Lithuanians · India
1437
+15
🇨🇳 Persians · China
1496
-18
🇩🇪 Britons · Germany
1384
-13
🇻🇳 Danes · Vietnam
1371
-13
🇨🇳 Hindustanis · China
1369
-13
wannabepirate
9:49 Feudal Age
14:06 Castle Age
13:43 Forging
14:42 Double-Bit Axe
14:44 Horse Collar
16:01 Husbandry
17:51 Forging
21:15 Wheelbarrow
22:02 Bow Saw
21:53 Heavy Plow
22:39 Loom
24:26 Hand Cart
29:35 Imperial Age
27:14 Gold Mining
27:35 Scale Barding Armor
28:21 Masonry
28:51 Iron Casting
29:04 Bloodlines
29:16 Chain Barding Armor
29:49 Elite Leitis
31:26 Conscription
32:24 Plate Barding Armor
33:35 Stone Mining
35:48 Two-Man Saw
35:24 Crop Rotation
34:28 Pikeman
35:08 Squires
35:11 Scale Mail Armor
37:01 Stone Shaft Mining
37:57 Architecture
37:07 Treadmill Crane
37:48 Ballistics
38:28 Chemistry
大漁哥哥
10:52 Feudal Age
14:34 Castle Age
13:36 Double-Bit Axe
13:43 Horse Collar
21:25 Bow Saw
21:32 Gold Mining
22:23 Wheelbarrow
23:58 Hand Cart
25:02 Gold Mining
29:38 Imperial Age
26:54 Loom
27:17 Husbandry
27:28 Bloodlines
27:30 Forging
27:25 Scale Barding Armor
28:35 Gold Shaft Mining
29:18 Iron Casting
29:02 Treadmill Crane
29:33 Masonry
30:03 Chain Barding Armor
31:36 Two-Man Saw
29:59 Cavalier
30:53 Heavy Plow
32:08 Blast Furnace
32:31 Plate Barding Armor
32:06 Murder Holes
32:33 Ballistics
34:32 Heavy Camel Rider
36:31 Padded Archer Armor
37:36 Leather Archer Armor
37:27 Caravan
爱烤番薯的机长
11:03 Feudal Age
11:57 Double-Bit Axe
14:53 Castle Age
13:18 Horse Collar
16:05 Bow Saw
17:00 Wheelbarrow
21:46 Squires
21:33 Arson
21:58 Town Watch
28:07 Scale Mail Armor
28:11 Loom
31:18 Hand Cart
35:11 Imperial Age
32:27 Pikeman
33:43 Stone Mining
33:45 Gold Mining
34:30 Chain Mail Armor
34:26 Forging
35:44 Ballistics
36:26 Plate Mail Armor
35:22 Halberdier
36:48 Iron Casting
36:59 Gold Shaft Mining
37:04 Conscription
MrFUNAN
10:14 Feudal Age
11:09 Double-Bit Axe
12:57 Loom
15:37 Castle Age
13:48 Horse Collar
21:02 Wheelbarrow
21:25 Gold Mining
23:11 Bow Saw
27:31 Imperial Age
25:35 Scale Barding Armor
26:14 Forging
28:28 Iron Casting
28:13 Husbandry
31:19 Elite Battle Elephant
33:33 Blast Furnace
33:22 Pikeman
34:03 Squires
34:16 Halberdier
36:12 Squires
36:30 Heavy Plow
37:03 Forced Levy
36:25 Man-at-Arms
36:50 Arson
Pr3dator
9:55 Feudal Age
11:34 Loom
12:07 Town Watch
14:42 Castle Age
13:03 Horse Collar
14:26 Double-Bit Axe
16:34 Bow Saw
17:50 Heavy Plow
21:28 Stone Mining
22:43 Gold Mining
24:11 Wheelbarrow
25:11 Gold Shaft Mining
25:02 Fortified Wall
25:53 Masonry
25:46 Fletching
26:38 Padded Archer Armor
30:19 Imperial Age
28:30 Leather Archer Armor
29:04 Bodkin Arrow
28:46 Elite Skirmisher
28:56 Elite Skirmisher
30:38 Ballistics
31:03 Hand Cart
31:11 Bracer
32:20 Chemistry
31:52 Ring Archer Armor
32:07 Yeomen
32:12 Conscription
32:33 Elite Longbowman
KG789
10:11 Feudal Age
12:04 Double-Bit Axe
14:27 Castle Age
12:47 Horse Collar
15:24 Wheelbarrow
23:09 Bow Saw
23:44 Heavy Plow
24:37 Hand Cart
24:35 Loom
25:43 Fortified Wall
26:43 Grand Trunk Road
27:20 Scale Barding Armor
27:26 Forging
27:17 Scale Mail Armor
27:08 Gold Mining
27:10 Stone Mining
30:01 Imperial Age
27:49 Bloodlines
27:39 Husbandry
27:48 Husbandry
29:50 Chain Barding Armor
30:06 Iron Casting
30:08 Heavy Camel Rider
31:27 Conscription
31:59 Plate Barding Armor
32:56 Blast Furnace
35:54 Chain Mail Armor
37:29 Gold Shaft Mining
37:30 Stone Shaft Mining
秦墨子
10:02 Feudal Age
11:16 Wheelbarrow
13:48 Castle Age
13:00 Double-Bit Axe
19:58 Bow Saw
20:07 Horse Collar
21:07 Heavy Plow
22:03 Gold Mining
23:05 Hand Cart
25:43 Gold Shaft Mining
27:45 Imperial Age
25:54 Gold Shaft Mining
25:20 Stone Mining
25:20 Loom
25:20 Town Watch
26:07 Forging
26:02 Scale Barding Armor
27:37 Iron Casting
27:53 Stone Shaft Mining
28:06 Bloodlines
27:57 Husbandry
28:32 Chain Barding Armor
27:39 Cavalier
29:24 Two-Man Saw
28:55 Crop Rotation
29:57 Blast Furnace
28:36 Heavy Camel Rider
29:12 Pikeman
29:53 Squires
29:38 Arson
29:55 Scale Mail Armor
31:26 Chemistry
31:04 Conscription
31:46 Plate Barding Armor
31:39 Citadels
31:52 Fletching
32:25 Thumb Ring
34:25 Savar
bina
10:56 Feudal Age
14:28 Castle Age
12:22 Double-Bit Axe
14:02 Horse Collar
14:13 Gold Mining
15:29 Bow Saw
21:05 Man-at-Arms
21:31 Gambesons
22:41 Squires
22:53 Arson
23:39 Scale Mail Armor
24:12 Forging
Connection lost

Rejoining the realm…

Still unreachable

The connection could not be restored.

Session expired

The server has moved on; the page needs a fresh start.